| TOP OF THE 1ST |
|
Memphis Redbirds batting - Pitching for Oklahoma City Dodgers : RHP Jim Ruleman
|
|
Pitching: RHP Jim Ruleman
|
|
|
Batting: RHB Josh Hoeye
|
0-0: Ball 1-0: Called Strike 1-1: Ball 2-1: Foul Ball, location: 2F 2-2: Fly out, F8 (Flyball, 89M, EV 87.5 MPH)
|
|
Batting: LHB Tom Butterbaugh
|
0-0: Ball 1-0: Ground out 4-3 (Groundball, 4, EV 88.8 MPH)
|
|
Batting: RHB Eric Chotkowski
|
0-0: SINGLE (Groundball, 6D, EV 106.9 MPH)
|
|
Batting: LHB Melvin Salgado
|
0-0: SINGLE (Groundball, 4S, EV 67.5 MPH) (infield hit) Eric Chotkowski to second
|
|
Batting: LHB Jesus Ramirez
|
0-0: Ball 1-0: Called Strike 1-1: Foul Ball, location: 2F 1-2: DOUBLE (Flyball, 8LXD, EV 106.9 MPH) Eric Chotkowski scores Melvin Salgado to third
|
|
Batting: LHB Mark Buchholz
|
0-0: SINGLE (Flyball, 6MD, EV 87.5 MPH) Melvin Salgado scores Jesus Ramirez to third Runner from 3rd tries for Home, SAFE, throw by CF to home
|
|
Batting: RHB Nick Getz
|
0-0: Called Strike 0-1: Ball 1-1: Swinging Strike 1-2: Ball 2-2: Strikes out swinging
|
| Top of the 1st over - 3 runs, 4 hits, 0 errors, 1 left on base; Memphis 3 - Oklahoma City 0 |
| BOTTOM OF THE 1ST |
|
Oklahoma City Dodgers batting - Pitching for Memphis Redbirds : RHP Elijah Daniels
|
|
Pitching: RHP Elijah Daniels
|
|
|
Batting: LHB Alex Ramos
|
0-0: Ball 1-0: Swinging Strike 1-1: Ball 2-1: Ball 3-1: Called Strike 3-2: Base on Balls
|
|
Batting: LHB James Betron
|
0-0: Ball 1-0: SINGLE (Groundball, 25, EV 63.1 MPH) (infield hit) Alex Ramos to second
|
|
Batting: RHB John Manocchio
|
0-0: Ball 1-0: Ball 2-0: Called Strike 2-1: Foul Ball, location: 2F 2-2: Strikes out swinging
|
|
Batting: RHB John Hazen
|
0-0: Foul Ball, location: 2F 0-1: Ball 1-1: Ball 2-1: Foul Ball, location: 2F 2-2: Foul Ball, location: 2F 2-2: Strikes out looking
|
|
Batting: RHB Armando Galindo
|
0-0: Foul Ball, location: 2F 0-1: Ball 1-1: Ball 2-1: SINGLE (Flyball, 34D, EV 94.4 MPH) Alex Ramos to third James Betron to second Runner from 3rd tries for Home, SAFE, throw by RF to home
|
|
Batting: RHB Tim Adams
|
0-0: Ball 1-0: Fly out, F7 (Flyball, 78M, EV 93.8 MPH)
|
| Bottom of the 1st over - 1 run, 2 hits, 0 errors, 2 left on base; Memphis 3 - Oklahoma City 1 |
| TOP OF THE 2ND |
|
Memphis Redbirds batting - Pitching for Oklahoma City Dodgers : RHP Jim Ruleman
|
|
Batting: RHB Colin Boddy
|
0-0: Foul Ball, location: 2F 0-1: Foul Ball, location: 2F 0-2: Strikes out looking
|
|
Batting: RHB Armando Estrada
|
0-0: Called Strike 0-1: Foul Ball, location: 2F 0-2: Foul Ball, location: 2F 0-2: Ground out 4-3 (Groundball, 4MS, EV 93.1 MPH)
|
|
Batting: RHB Josh Hoeye
|
0-0: Swinging Strike 0-1: Foul Ball, location: 2F 0-2: Ball 1-2: Ball 2-2: Foul Ball, location: 2F 2-2: Ground out 5-3 (Groundball, 56, EV 80.6 MPH)
|
| Top of the 2nd over - 0 runs, 0 hits, 0 errors, 0 left on base; Memphis 3 - Oklahoma City 1 |
| BOTTOM OF THE 2ND |
|
Oklahoma City Dodgers batting - Pitching for Memphis Redbirds : RHP Elijah Daniels
|
|
Batting: RHB Terry Jarrells
|
0-0: Called Strike 0-1: Foul Ball, location: 2F 0-2: Ball 1-2: Ball 2-2: SINGLE (Groundball, 5L, EV 105.0 MPH) (infield hit)
|
|
Batting: RHB Matt Robert
|
0-0: Ball 1-0: Called Strike 1-1: Ball 2-1: Ball 3-1: Grounds into double play, 5-4-3 (Groundball, 56, EV 82.5 MPH)
|
|
Batting: RHB Travis Bradfute
|
0-0: Called Strike 0-1: Swinging Strike 0-2: Foul Ball, location: 2F 0-2: Ball 1-2: Strikes out swinging
|
| Bottom of the 2nd over - 0 runs, 1 hit, 0 errors, 0 left on base; Memphis 3 - Oklahoma City 1 |
| TOP OF THE 3RD |
|
Memphis Redbirds batting - Pitching for Oklahoma City Dodgers : RHP Jim Ruleman
|
|
Batting: LHB Tom Butterbaugh
|
0-0: Swinging Strike 0-1: Ball 1-1: Ball 2-1: Ball 3-1: Base on Balls
|
|
Batting: RHB Eric Chotkowski
|
0-0: Ball 1-0: Swinging Strike 1-1: Ball 2-1: Foul Ball, location: 2F 2-2: 2-RUN HOME RUN (Flyball, 9D, EV 95.0 MPH), Distance : 374 ft
|
|
Batting: LHB Melvin Salgado
|
0-0: Called Strike 0-1: Ball 1-1: Swinging Strike 1-2: Foul Ball, location: 2F 1-2: Fly out, F9 (Flyball, 9LM, EV 82.5 MPH)
|
|
Batting: LHB Jesus Ramirez
|
0-0: Called Strike 0-1: Ball 1-1: Ball 2-1: Called Strike 2-2: SINGLE (Flyball, 7LS, EV 92.5 MPH)
|
|
Batting: LHB Mark Buchholz
|
0-0: Called Strike 0-1: SINGLE (Groundball, 34D, EV 105.6 MPH) Jesus Ramirez to second Runner from 2nd tries for 3rd, SAFE, throw by RF made to third
|
|
Batting: RHB Nick Getz
|
0-0: Ball Mark Buchholz steals 2nd base 1-0: Called Strike 1-1: Foul Ball, location: 2F 1-2: Ball 2-2: SINGLE (Line Drive, 9S, EV 98.1 MPH) Jesus Ramirez scores Mark Buchholz to third
|
|
Pitching: RHP Taylor Drews
|
|
|
Batting: RHB Colin Boddy
|
0-0: Called Strike 0-1: Called Strike Nick Getz is caught stealing 2nd base 2-4 0-2: Foul Ball, location: 2F 0-2: Foul Ball, location: 2F 0-2: Ground out 6-3 (Groundball, 6, EV 80.0 MPH)
|
| Top of the 3rd over - 3 runs, 4 hits, 0 errors, 1 left on base; Memphis 6 - Oklahoma City 1 |
| BOTTOM OF THE 3RD |
|
Oklahoma City Dodgers batting - Pitching for Memphis Redbirds : RHP Elijah Daniels
|
|
Batting: LHB Alex Ramos
|
0-0: Swinging Strike 0-1: Fly out, F9 (Flyball, 9D, EV 103.8 MPH)
|
|
Batting: LHB James Betron
|
0-0: DOUBLE (Line Drive, 78D, EV 107.5 MPH)
|
|
Batting: RHB John Manocchio
|
0-0: Ball 1-0: Called Strike 1-1: Swinging Strike 1-2: Strikes out looking
|
|
Batting: RHB John Hazen
|
0-0: Called Strike 0-1: Ball 1-1: Ball 2-1: Ball 3-1: Base on Balls
|
|
Batting: RHB Armando Galindo
|
0-0: Fielders Choice at 2nd, U4 (Groundball, 4M, EV 82.5 MPH)
|
| Bottom of the 3rd over - 0 runs, 1 hit, 0 errors, 2 left on base; Memphis 6 - Oklahoma City 1 |
| TOP OF THE 4TH |
|
Memphis Redbirds batting - Pitching for Oklahoma City Dodgers : RHP Taylor Drews
|
|
Batting: RHB Armando Estrada
|
0-0: Ball 1-0: Called Strike 1-1: SINGLE (Groundball, 56D, EV 108.1 MPH)
|
|
Batting: RHB Josh Hoeye
|
0-0: Called Strike 0-1: Ball 1-1: Ball 2-1: Ball 3-1: Fly out, F3 (Popup, 3F, EV 78.8 MPH)
|
|
Batting: LHB Tom Butterbaugh
|
0-0: Ball 1-0: SINGLE (Flyball, 6D, EV 88.8 MPH) Armando Estrada to second
|
|
Batting: RHB Eric Chotkowski
|
0-0: Fly out, F9 (Flyball, 9LM, EV 88.8 MPH)
|
|
Batting: LHB Melvin Salgado
|
0-0: Ball Wild Pitch! Armando Estrada to third Tom Butterbaugh to second 1-0: Ball 2-0: Foul Ball, location: 2F 2-1: Foul Ball, location: 2F 2-2: Strikes out swinging
|
| Top of the 4th over - 0 runs, 2 hits, 0 errors, 2 left on base; Memphis 6 - Oklahoma City 1 |
| BOTTOM OF THE 4TH |
|
Oklahoma City Dodgers batting - Pitching for Memphis Redbirds : RHP Elijah Daniels
|
|
Batting: RHB Tim Adams
|
0-0: SINGLE (Groundball, 6MD, EV 95.6 MPH)
|
|
Batting: RHB Terry Jarrells
|
0-0: Ball 1-0: Called Strike 1-1: Ball 2-1: Foul Ball, location: 2F 2-2: Ball 3-2: Base on Balls Tim Adams to second
|
|
Batting: RHB Matt Robert
|
0-0: Swinging Strike 0-1: Ball 1-1: Foul Ball, location: 2F 1-2: Foul Ball, location: 2F 1-2: Foul Ball, location: 2F 1-2: Strikes out swinging
|
|
Batting: RHB Travis Bradfute
|
0-0: Ball 1-0: Ball 2-0: Foul Ball, location: 2F 2-1: Foul Ball, location: 2F 2-2: Foul Ball, location: 2F 2-2: Foul Ball, location: 2F 2-2: SINGLE (Flyball, 5D, EV 86.2 MPH) Tim Adams to third Terry Jarrells to second
|
|
Batting: LHB Alex Ramos
|
0-0: Called Strike 0-1: SINGLE (Groundball, 6, EV 98.8 MPH) Tim Adams scores Terry Jarrells to third Travis Bradfute to second
|
|
Batting: LHB James Betron
|
0-0: Called Strike 0-1: Foul Ball, location: 2F 0-2: Foul Ball, location: 2F 0-2: Fielders Choice at 2nd, 6-4 (Groundball, 6M, EV 85.0 MPH) Terry Jarrells scores Travis Bradfute to third
|
|
Batting: RHB John Manocchio
|
0-0: Ball 1-0: Called Strike James Betron steals 2nd base 1-1: Ball 2-1: Swinging Strike 2-2: Strikes out swinging
|
| Bottom of the 4th over - 2 runs, 3 hits, 0 errors, 2 left on base; Memphis 6 - Oklahoma City 3 |
| TOP OF THE 5TH |
|
Memphis Redbirds batting - Pitching for Oklahoma City Dodgers : RHP Taylor Drews
|
|
Batting: LHB Jesus Ramirez
|
0-0: Fly out, F8 (Flyball, 8RM, EV 90.0 MPH)
|
|
Batting: LHB Mark Buchholz
|
0-0: Called Strike 0-1: Swinging Strike 0-2: Ground out 1-3 (Groundball, 34S, EV 70.6 MPH)
|
|
Batting: RHB Nick Getz
|
0-0: Fly out, F6 (Line Drive, 6, EV 76.9 MPH)
|
| Top of the 5th over - 0 runs, 0 hits, 0 errors, 0 left on base; Memphis 6 - Oklahoma City 3 |
| BOTTOM OF THE 5TH |
|
Oklahoma City Dodgers batting - Pitching for Memphis Redbirds : RHP Elijah Daniels
|
|
Batting: RHB John Hazen
|
0-0: Ball 1-0: DOUBLE (Line Drive, 89XD, EV 99.4 MPH)
|
|
Batting: RHB Armando Galindo
|
0-0: Ball 1-0: Ball 2-0: Called Strike 2-1: SINGLE (Groundball, 6M, EV 81.9 MPH) (infield hit) John Hazen to third
|
|
Batting: RHB Tim Adams
|
0-0: Ball 1-0: Called Strike 1-1: Fly out, F2 (Popup, 2LF, EV 91.9 MPH)
|
|
Batting: RHB Terry Jarrells
|
0-0: Ball 1-0: Ball 2-0: Ball 3-0: Base on Balls Armando Galindo to second
|
|
Batting: RHB Matt Robert
|
0-0: Foul Ball, location: 2F 0-1: Ball 1-1: SINGLE (Line Drive, 8LS, EV 96.2 MPH) John Hazen scores Armando Galindo to third Terry Jarrells to second Runner from 3rd tries for Home, SAFE, throw by CF to home
|
|
Pitching: RHP Josh Weinmann
|
|
|
Batting: RHB Travis Bradfute
|
0-0: Called Strike 0-1: Called Strike Terry Jarrells steals 3rd base Matt Robert to second 0-2: Ball 1-2: Ball 2-2: Fly out, F7 (Flyball, 78XD, EV 86.9 MPH) Runner from 3rd tags up, SCORES, no throw by LF Matt Robert to third
|
|
Batting: LHB Alex Ramos
|
0-0: Called Strike 0-1: Called Strike 0-2: Foul Ball, location: 2F 0-2: Strikes out looking
|
| Bottom of the 5th over - 3 runs, 3 hits, 0 errors, 1 left on base; Memphis 6 - Oklahoma City 6 |
| TOP OF THE 6TH |
|
Memphis Redbirds batting - Pitching for Oklahoma City Dodgers : RHP Taylor Drews
|
|
Batting: RHB Colin Boddy
|
0-0: Ball 1-0: Called Strike 1-1: Ground out 6-3 (Groundball, 6, EV 110.0 MPH)
|
|
Pitching: LHP Chris Bonfanti
|
|
|
Batting: RHB Armando Estrada
|
0-0: Ball 1-0: Ground out 1-3 (Groundball, 34S, EV 63.8 MPH)
|
|
Batting: RHB Josh Hoeye
|
0-0: Ball 1-0: Foul Ball, location: 2F 1-1: Ball 2-1: Foul Ball, location: 2F 2-2: Ground out 3-1 (Groundball, 13, EV 83.1 MPH)
|
| Top of the 6th over - 0 runs, 0 hits, 0 errors, 0 left on base; Memphis 6 - Oklahoma City 6 |
| BOTTOM OF THE 6TH |
|
Oklahoma City Dodgers batting - Pitching for Memphis Redbirds : RHP Josh Weinmann
|
|
Batting: LHB James Betron
|
0-0: Ground out U3 (Groundball, 3, EV 90.6 MPH)
|
|
Batting: RHB John Manocchio
|
0-0: Ball 1-0: Ball 2-0: Foul Ball, location: 2F 2-1: Ball 3-1: Ground out 4-3 (Groundball, 4, EV 88.8 MPH)
|
|
Batting: RHB John Hazen
|
0-0: Ball 1-0: Foul Ball, location: 2F 1-1: Ball 2-1: Ground out 5-3 (Groundball, 56, EV 101.9 MPH)
|
| Bottom of the 6th over - 0 runs, 0 hits, 0 errors, 0 left on base; Memphis 6 - Oklahoma City 6 |
| TOP OF THE 7TH |
|
Memphis Redbirds batting - Pitching for Oklahoma City Dodgers : LHP Chris Bonfanti
|
|
Batting: LHB Tom Butterbaugh
|
0-0: Ball 1-0: Ball 2-0: Called Strike 2-1: Called Strike 2-2: Ball 3-2: Foul Ball, location: 2F 3-2: Foul Ball, location: 2F 3-2: Foul Ball, location: 2F 3-2: Foul Ball, location: 2F 3-2: Foul Ball, location: 2F 3-2: Ground out 6-3 (Groundball, 56, EV 101.2 MPH)
|
|
Batting: RHB Eric Chotkowski
|
0-0: Called Strike 0-1: Fly out, F9 (Flyball, 9, EV 93.1 MPH)
|
|
Batting: LHB Melvin Salgado
|
0-0: Ball 1-0: Foul Ball, location: 2F 1-1: Swinging Strike 1-2: Foul Ball, location: 2F 1-2: Ball 2-2: TRIPLE (Flyball, 78XD, EV 92.5 MPH)
|
|
Batting: LHB Jesus Ramirez
|
0-0: Foul Ball, location: 2F 0-1: Ball 1-1: Ball 2-1: Reached on error, E3 (Groundball, 3, EV 100.0 MPH) Melvin Salgado scores
|
|
Batting: LHB Mark Buchholz
|
0-0: Ball 1-0: Ball 2-0: Called Strike 2-1: Ground out 6-3 (Groundball, 6S, EV 86.2 MPH)
|
| Top of the 7th over - 1 run, 1 hit, 1 error, 1 left on base; Memphis 7 - Oklahoma City 6 |
| BOTTOM OF THE 7TH |
|
Oklahoma City Dodgers batting - Pitching for Memphis Redbirds : RHP Josh Weinmann
|
|
Batting: RHB Armando Galindo
|
0-0: Ground out 5-3 (Groundball, 56S, EV 64.4 MPH)
|
|
Batting: RHB Tim Adams
|
0-0: Foul Ball, location: 2F 0-1: Fly out, F4 (Popup, 34D, EV 60.0 MPH)
|
|
Batting: RHB Terry Jarrells
|
0-0: Called Strike 0-1: Called Strike 0-2: Foul Ball, location: 2F 0-2: Ball 1-2: Ball 2-2: Ground out 6-3 (Groundball, 6, EV 85.0 MPH)
|
| Bottom of the 7th over - 0 runs, 0 hits, 0 errors, 0 left on base; Memphis 7 - Oklahoma City 6 |
| TOP OF THE 8TH |
|
Memphis Redbirds batting - Pitching for Oklahoma City Dodgers : LHP Chris Bonfanti
|
|
Pitching: RHP Alex Aguilar
|
|
|
Batting: RHB Nick Getz
|
0-0: Called Strike 0-1: Ball 1-1: Foul Ball, location: 2F 1-2: Ball 2-2: Foul Ball, location: 2F 2-2: Ball 3-2: Ground out 3-1 (Groundball, 34, EV 106.9 MPH)
|
|
Batting: RHB Colin Boddy
|
0-0: Ball 1-0: Ground out 6-3 (Groundball, 6M, EV 80.6 MPH)
|
|
Batting: RHB Armando Estrada
|
0-0: Foul Ball, location: 2F 0-1: Ball 1-1: Swinging Strike 1-2: Ball 2-2: Strikes out swinging
|
| Top of the 8th over - 0 runs, 0 hits, 0 errors, 0 left on base; Memphis 7 - Oklahoma City 6 |
| BOTTOM OF THE 8TH |
|
Oklahoma City Dodgers batting - Pitching for Memphis Redbirds : RHP Josh Weinmann
|
|
Batting: RHB Matt Robert
|
0-0: Ball 1-0: Ground out 6-3 (Groundball, 6M, EV 91.2 MPH)
|
|
Batting: RHB Travis Bradfute
|
0-0: Called Strike 0-1: Ground out 4-3 (Groundball, 4, EV 77.5 MPH)
|
|
Batting: LHB Alex Ramos
|
0-0: Ball 1-0: Fly out, F5 (Line Drive, 5, EV 71.2 MPH)
|
| Bottom of the 8th over - 0 runs, 0 hits, 0 errors, 0 left on base; Memphis 7 - Oklahoma City 6 |
| TOP OF THE 9TH |
|
Memphis Redbirds batting - Pitching for Oklahoma City Dodgers : RHP Alex Aguilar
|
|
Batting: RHB Josh Hoeye
|
0-0: Foul Ball, location: 2F 0-1: Foul Ball, location: 2F 0-2: Ball 1-2: DOUBLE (Flyball, 9LM, EV 106.9 MPH)
|
|
Batting: LHB Tom Butterbaugh
|
0-0: Intentional Walk
|
|
Batting: RHB Eric Chotkowski
|
0-0: Called Strike 0-1: Grounds into double play, 3-6-1 (Groundball, 3, EV 81.9 MPH) Josh Hoeye to third
|
|
Batting: LHB Melvin Salgado
|
0-0: Fly out, F7 (Flyball, 78S, EV 90.6 MPH)
|
| Top of the 9th over - 0 runs, 1 hit, 0 errors, 1 left on base; Memphis 7 - Oklahoma City 6 |
| BOTTOM OF THE 9TH |
|
Oklahoma City Dodgers batting - Pitching for Memphis Redbirds : RHP Josh Weinmann
|
|
Pitching: RHP Rodolfo Mendez
|
|
|
Batting: LHB James Betron
|
0-0: Ball 1-0: Ball 2-0: Called Strike 2-1: SINGLE (Line Drive, 8RS, EV 100.6 MPH)
|
|
Batting: RHB John Manocchio
|
0-0: 2-RUN HOME RUN (Line Drive, 7LD, EV 93.1 MPH), Distance : 361 ft
|
| Bottom of the 9th over - 2 runs, 2 hits, 0 errors, 0 left on base; Memphis 7 - Oklahoma City 8 |
| |
|
Game Over ... Oklahoma City defeats Memphis, 8 to 7
|
|
|